 Dungeon Crawl Stone Soup version 0.31-a0-983-g7b6862f502 (webtiles) character file.

Game seed: 16185223370704233345

59 IdlyInterested the Changeling (level 3, -1/39 HPs)
             Began as a Demonspawn Shapeshifter on Nov 2, 2023.
             Slain by Robin
             ... wielding a +0 trident
              (3 damage)
             ... on level 2 of the Dungeon.
             The game lasted 00:02:53 (1036 turns).

IdlyInterested the Changeling (DsSh)                Turns: 1036, Time: 00:02:54

Health: -1/39      AC: 21    Str: 14    XL:     3   Next: 78%
Magic:  3/3        EV:  2    Int: 11    God:
Gold:   52         SH:  4    Dex: 14    Spells: 2/2 levels left

rFire   . .          .
                       - Unarmed
rCold   . . .        (no shield)
rNeg    . . .        k - melded +0 ring mail
rPois   +            (helmet currently unavailable)
rElec   .            (cloak currently unavailable)
rCorr   .            (gloves currently unavailable)
SInv    .            (boots currently unavailable)
Will    .....        (no amulet)
Stlth   +            (no ring)
HPRegen 0.26/turn    (no ring)
MPRegen 0.08/turn

%: no passive effects
@: tree-form, weak-willed
A: stationary, stasis, torment immunity, boosted hp, condensation shield,
(weakness stinger 1)
a: no special abilities


You were on level 2 of the Dungeon.
You were a tree.
You visited 1 branch of the dungeon, and saw 2 of its levels.

You collected 52 gold pieces.

Inventory:

Hand Weapons
 f - a +0 dagger
 g - a +0 spear
 h - a +0 flail
 l - a +0 short sword
Missiles
 i - 20 stones (quivered)
Armour
 a - a +0 animal skin
 k - a +0 ring mail (melded)
Jewellery
 m - a ring of resist corrosion
Talismans
 c - a beast talisman (active)
 d - a flux talisman


   Skills:
 - Level 1.0 Fighting
 - Level 1.7 Dodging
 + Level 3.3 Unarmed Combat
 * Level 3.7 Shapeshifting


You had 2 spell levels left.
You didn't know any spells.
Your spell library was empty.

Dungeon Overview and Level Annotations

Branches:
Dungeon (2/15)

Altars:

Annotations:
D:2 Robin


Innate Abilities, Weirdness & Mutations

You are a tree.
Your roots penetrate the ground, keeping you stationary.
You cannot be teleported.
You are immune to unholy pain and torment.
Your maximum health is greatly increased.
Your equipment is partially melded.
A meltable shield of frost defends you. (SH +4)
((You have a small tail.))


Message History

You smack the hobgoblin!
You kill the hobgoblin!
You block Robin's attack.
You smack the adder!
You kill the adder!
You block Robin's attack.
You aren't carrying any potions.
As you read the scroll labelled YXTONNI JIEGU, it crumbles to dust.
Magic quickly surges around you.
It was a scroll of vulnerability.
Robin hits you from afar with a +0 trident.
* * * LOW HITPOINT WARNING * * *
Throw: 23 stones
Press: ? - help, Q - select action Shift-Dir - straight line, f - Robin
Aim: Robin, wielding a +0 trident, wearing a +0 animal skin and wearing a +0 helmet (weak-willed, 62% to hit)
Okay, then.
You remove your ring of resist corrosion.
Robin hits you from afar with a +0 trident.
* * * LOW HITPOINT WARNING * * *
As you read the scroll labelled PIDIZE ONIJAW, it crumbles to dust.
You feel a strange sense of stasis.
It was a scroll of teleportation.
Robin hits you but does no damage.
Throw: 23 stones
Press: ? - help, Q - select action Shift-Dir - straight line, f - Robin
Aim: Robin, wielding a +0 trident, wearing a +0 animal skin and wearing a +0 helmet (weak-willed, 62% to hit)
You throw a stone.
The stone hits Robin but does no damage.
Robin hits you but does no damage.
Throw: 22 stones
Press: ? - help, Q - select action Shift-Dir - straight line, f/p - Robin
Aim: Robin, wielding a +0 trident, wearing a +0 animal skin and wearing a +0 helmet (weak-willed, 62% to hit)
You throw a stone.
The stone hits Robin but does no damage.
Robin hits you but does no damage.
Throw: 21 stones
Press: ? - help, Q - select action Shift-Dir - straight line, f/p - Robin
Aim: Robin, wielding a +0 trident, wearing a +0 animal skin and wearing a +0 helmet (weak-willed, 62% to hit)
You throw a stone. The stone closely misses Robin.
Robin hits you from afar with a +0 trident.
You die...
Robin lets out a smug laugh.

#............#
#............###
#...............
#............#
#............#
#............#
#.........g..#
#########)#####..
#♣).....#
#######.#


You could see Robin (weak-willed).

Vanquished Creatures
  An adder (D:2)
  A dart slug (D:1)
  9 endoplasms (D:1)
  A giant cockroach (D:1)
  8 goblins
  7 hobgoblins
  6 ball pythons
  6 bats
  2 frilled lizards (D:1)
  A kobold (D:1)
  A rat (D:1)
43 creatures vanquished.

Notes
Turn   | Place    | Note
-------+----------+-------------------------------------------
     0 | D:1      | IdlyInterested the Demonspawn Shapeshifter began the quest
                  | for the Orb.
     0 | D:1      | Reached XP level 1. HP: 15/15 MP: 1/1
   204 | D:1      | Gained mutation: A meltable shield of frost defends you.
                  | (SH +4) [demonic ancestry]
   204 | D:1      | Reached XP level 2. HP: 20/21 MP: 2/2
   347 | D:1      | Found a faded altar of an unknown god.
   733 | D:1      | Discovered your monstrous ancestry.
   733 | D:1      | Gained mutation: You have a small tail. [demonic ancestry]
   733 | D:1      | Reached XP level 3. HP: 26/26 MP: 3/3
   985 | D:2      | Noticed Robin
  1032 | D:2      | HP: 1/39 [Robin/+0 trident (3)]
  1036 | D:2      | Slain by Robin

Illustrated notes

Levels and vault maps discovered:
D:1:      nicolae_arrival_memento_mori, layout_basic,
          ebering_ecumenical_altar_ruins
D:2:      layout_basic, uniq_robin

Skill      XL: |  1  2 |
---------------+-------+-----
Shapeshifting  | 3 |  3.7
Unarmed Combat | 3 |  3.3
Fighting       | |  1.0
Dodging        | |  1.7

Action                     || total
---------------------------++-------
  Melee: Unarmed           ||   109
         Punch             ||     5
         Tailslap          ||     4
  Throw: Stone             ||     4
    Use: Scroll            ||     2
         Potion            ||     1
   Stab: Sleeping          ||     1
 Armour: Animal skin       ||    11
         Ring mail         ||    42
         Skin              ||    13
  Dodge: Dodged            ||    58
  Block: Other             ||    22
   Form: Beast             ||     2
                           ||     1

Table legend: (Time is in decaauts)
 A = Elapsed time spent in this place.
 B = Non-inter-level travel time spent in this place.
 C = Inter-level travel time spent in this place.
 D = Time resting spent in this place.
 E = Time spent auto-exploring this place.
 F = Levels seen in this place.
 G = Mean time per level.
                   A        B        C        D        E       F      G
               +--------+--------+--------+--------+--------+-----+--------+
         Total |   1028 |   1023 |      5 |    141 |    576 |   2 |  514.0 |
       Dungeon |   1028 |   1023 |      5 |    141 |    576 |   2 |  514.0 |
               +--------+--------+--------+--------+--------+-----+--------+

Top non-repeatable levels by time:
     D:1: 979 daAuts
     D:2: 48 daAuts
